 Dungeon Crawl Stone Soup version 0.21-a0-633-g4c047d5 (webtiles) character file.

175 teukkam the Shooter (level 5, -2/41 HPs)
             Began as a Gnoll Wanderer on Dec 28, 2017.
             Slain by an ogre
             ... wielding a +0 giant spiked club
              (23 damage)
             ... on level 5 of the Dungeon.
             The game lasted 00:11:25 (3128 turns).

teukkam the Shooter (Gnoll Wanderer)                Turns: 3128, Time: 00:11:26

Health: -2/41      AC:  3    Str: 16    XL:     5   Next: 55%
Magic:  7/7        EV: 12    Int: 12    God:
Gold:   132        SH:  0    Dex: 16    Spells: 7/7 levels left

rFire    . . .     SeeInvis .   b - +0 dagger
rCold    . . .     Gourm    .   (no shield)
rNeg     . . .     Faith    .   i - +0 leather armour
rPois    .         Spirit   .   (no helmet)
rElec    .         Reflect  .   (no cloak)
rCorr    .         Harm     .   (no gloves)
MR       .....     Rnd*Tele +   (no boots)
Stlth    ++........             (no amulet)
HPRegen  0.13/turn              m - ring of teleportation
MPRegen  0.10/turn              (no ring)

@: no status effects
A: distributed training, fangs 1, strong nose
a: no special abilities


You were on level 5 of the Dungeon.
You were not hungry.

You visited 1 branch of the dungeon, and saw 5 of its levels.

You collected 132 gold pieces.

Inventory:

Hand Weapons
 a - a +2 shortbow
 b - a +0 dagger (weapon)
 c - a +0 hand crossbow
Missiles
 d - 24 bolts
 j - 144 arrows
 o - 8 curare-tipped needles
Armour
 i - a +0 leather armour (worn)
Jewellery
 k - an uncursed ring of protection from cold {unknown}
 m - a ring of teleportation (left hand)
 p - a -3 ring of dexterity
Comestibles
 g - 4 rations
 l - a chunk of flesh


   Skills:
 + Level 3.0 Fighting
 + Level 1.5 Short Blades
 + Level 1.5 Long Blades
 + Level 1.5 Axes
 + Level 6.7 Maces & Flails
 + Level 1.5 Polearms
 + Level 1.5 Staves
 + Level 1.5 Slings
 + Level 6.7 Bows
 + Level 1.5 Crossbows
 + Level 3.0 Throwing
 + Level 3.0 Armour
 + Level 1.5 Dodging
 + Level 1.5 Stealth
 + Level 3.0 Shields
 + Level 1.5 Unarmed Combat
 + Level 1.5 Spellcasting
 + Level 1.2 Conjurations
 + Level 1.2 Hexes
 + Level 1.2 Charms
 + Level 1.2 Summonings
 + Level 1.2 Necromancy
 + Level 1.2 Translocations
 + Level 1.2 Transmutations
 + Level 1.2 Fire Magic
 + Level 1.2 Ice Magic
 + Level 1.2 Air Magic
 + Level 1.2 Earth Magic
 + Level 1.2 Poison Magic
 + Level 1.7 Invocations
 + Level 1.5 Evocations


You had 7 spell levels left.
You didn't know any spells.

Dungeon Overview and Level Annotations

Branches:
Dungeon (5/15)
 Temple: D:4-7

Altars:
Makhleb

Annotations:
D:4 Eustachio; zero's ghost, amateur SpEn


Innate Abilities, Weirdness & Mutations

Your experience applies equally to all skills.
You have very sharp teeth.
Your uncanny sense of smell can sniff out nearby items.


Message History

The jackal bites you but does no damage.
You hit the jackal but do no damage. You bite the jackal, but do no damage.
The jackal bites you. The ogre misses you. The jackal barely misses you.
You hit the jackal but do no damage. The ogre barely misses you.
The jackal barely misses you.
You hit the jackal.
The jackal is lightly wounded.
The jackal completely misses you.
You hit the jackal but do no damage.
The jackal is lightly wounded.
The jackal closely misses you. The ogre barely misses you.
The jackal closely misses you.
You hit the ogre but do no damage.
The ogre hits you with a giant spiked club!
The jackal barely misses you.
You hit the ogre but do no damage. The jackal barely misses you.
You feel better. The jackal barely misses you.
The ogre hits you with a giant spiked club!!
Ouch! That really hurt!
You die...

∆ ########
#....... ∆
#....... ######
###.......
#....####.........
#†O...............
#@h........<......
####........#####.
#.......$+
#........#
##########


You could see an ogre and a jackal.

Vanquished Creatures
  2 hounds (D:2)
  Robin (D:4)
  An adder (D:3)
  An ooze (D:1)
  2 dart slugs
  3 worms (D:2)
  2 leopard geckos (D:1)
  An orc (D:3)
  5 bats
  2 giant cockroaches
  14 goblins
  9 hobgoblins
  11 jackals
  A quokka (D:3)
  3 ball pythons
  3 frilled lizards
  3 kobolds (D:1)
  6 rats
70 creatures vanquished.

Notes
Turn   | Place    | Note
-------+----------+-------------------------------------------
     0 | D:1      | teukkam the Gnoll Wanderer began the quest for the Orb.
     0 | D:1      | teukkam set off with: a +2 shortbow, 27 arrows, a +0 hand crossbow, 24 bolts, a potion of curing, a +0 robe, a ration
     0 | D:1      | Reached XP level 1. HP: 17/17 MP: 1/1
   266 | D:2      | Noticed a hound
   290 | D:2      | Killed a hound
   290 | D:2      | Reached XP level 2. HP: 11/23 MP: 1/3
   290 | D:2      | Reached XP level 3. HP: 13/28 MP: 1/4
   545 | D:3      | Reached skill level 1 in Invocations
   924 | D:1      | Reached skill level 1 in Short Blades
   924 | D:1      | Reached skill level 1 in Long Blades
   924 | D:1      | Reached skill level 1 in Axes
   924 | D:1      | Reached skill level 1 in Polearms
   924 | D:1      | Reached skill level 1 in Staves
   924 | D:1      | Reached skill level 1 in Slings
   924 | D:1      | Reached skill level 1 in Crossbows
   924 | D:1      | Reached skill level 1 in Dodging
   924 | D:1      | Reached skill level 1 in Stealth
   924 | D:1      | Reached skill level 1 in Unarmed Combat
   924 | D:1      | Reached skill level 1 in Spellcasting
   924 | D:1      | Reached skill level 1 in Evocations
   933 | D:1      | Reached XP level 4. HP: 34/34 MP: 5/5
  1804 | D:2      | Reached skill level 1 in Conjurations
  1804 | D:2      | Reached skill level 1 in Hexes
  1804 | D:2      | Reached skill level 1 in Charms
  1804 | D:2      | Reached skill level 1 in Summonings
  1804 | D:2      | Reached skill level 1 in Necromancy
  1804 | D:2      | Reached skill level 1 in Translocations
  1804 | D:2      | Reached skill level 1 in Transmutations
  1804 | D:2      | Reached skill level 1 in Fire Magic
  1804 | D:2      | Reached skill level 1 in Ice Magic
  1804 | D:2      | Reached skill level 1 in Air Magic
  1804 | D:2      | Reached skill level 1 in Earth Magic
  1804 | D:2      | Reached skill level 1 in Poison Magic
  2243 | D:3      | Reached XP level 5. HP: 5/40 MP: 6/6
  2830 | D:2      | Found a burning altar of Makhleb.
  3012 | D:4      | Noticed Eustachio
  3027 | D:4      | Noticed Robin
  3044 | D:4      | Killed Robin
  3061 | D:4      | Noticed zero's ghost (amateur SpEn)
  3080 | D:5      | Entered Level 5 of the Dungeon
  3080 | D:5      | Noticed an ogre
  3128 | D:5      | Slain by an ogre

Vault maps used:
D:1:      minmay_arrival_jagged, serial_forest, infiniplex_forest_pool,
          infiniplex_forest_lined_2, infiniplex_forest_straight_3,
          infiniplex_forest_fountain, infiniplex_forest_straight_1
D:2:      makhleb_heckhound_becter
D:3:      first_ration, trog_book
D:4:      nicolae_dithmenos_through_a_glass_darkly,
          minmay_temple_entry_glassed_door, uniq_eustachio, uniq_sigmund,
          uniq_robin
D:5:      kennysheep_mini, minmay_misc_feat_four_crosses, uniq_prince_ribbit1

Skill      XL: |  1  2  3  4  5 |
---------------+----------------+-----
Invocations    | 1 |  1.7
Short Blades   | 1 |  1.5
Long Blades    | 1 |  1.5
Axes           | 1 |  1.5
Polearms       | 1 |  1.5
Staves         | 1 |  1.5
Slings         | 1 |  1.5
Crossbows      | 1 |  1.5
Dodging        | 1 |  1.5
Stealth        | 1 |  1.5
Unarmed Combat | 1 |  1.5
Spellcasting   | 1 |  1.5
Evocations     | 1 |  1.5
Conjurations   | 1 |  1.2
Hexes          | 1 |  1.2
Charms         | 1 |  1.2
Summonings     | 1 |  1.2
Necromancy     | 1 |  1.2
Translocations | 1 |  1.2
Transmutations | 1 |  1.2
Fire Magic     | 1 |  1.2
Ice Magic      | 1 |  1.2
Air Magic      | 1 |  1.2
Earth Magic    | 1 |  1.2
Poison Magic   | 1 |  1.2
Fighting       | 3 |  3.0
Throwing       | 3 |  3.0
Armour         | 3 |  3.0
Shields        | 3 |  3.0
Maces & Flails | |  6.7
Bows           | |  6.7

Action                   |  1- 3 |  4- 6 || total
-------------------------+-------+-------++-------
Melee: Dagger            |    71 |   230 ||   301
       Unarmed           |     6 |       ||     6
       Bite              |    10 |    28 ||    38
 Fire: Shortbow          |    24 |    47 ||    71
  Use: Potion            |     2 |     9 ||    11
       Scroll            |     1 |     6 ||     7
  Eat: Ration            |       |     2 ||     2
Armor: Leather armour    |    22 |    82 ||   104
Dodge: Dodged            |    70 |   190 ||   260

Table legend:
 A = Spawn XP
 B = Non-spawn XP
 C = Spawn XP percentage of total XP
 D = Spawn monster count
 E = Non-spawn monster count
 F = Spawn count percentage of total count
 G = Total turns spent on level
                    A         B        C        D         E        F      G
               +---------+---------+-------+---------+---------+-------+---------
         Total |       0 |     250 |   0.0 |       0 |      70 |   0.0 |  3128
               +---------+---------+-------+---------+---------+-------+---------
           D:1 |       0 |      59 |   0.0 |       0 |      28 |   0.0 |  1203
           D:2 |       0 |     128 |   0.0 |       0 |      22 |   0.0 |   866
           D:3 |       0 |      29 |   0.0 |       0 |       9 |   0.0 |   897
           D:4 |       0 |      28 |   0.0 |       0 |       8 |   0.0 |   114
           D:5 |       0 |       6 |   0.0 |       0 |       3 |   0.0 |    48
               +---------+---------+-------+---------+---------+-------+---------
